 Dungeon Crawl Stone Soup version 0.32-a0-599-gba8f9cf90e (webtiles) character file.

Game seed: 2928760698171406465

24929 Sobieck the Scorcher (level 12, -10/104 HPs)
             Began as a Mountain Dwarf Fire Elementalist on Mar 2, 2024.
             Was a Priest of Vehumet.
             Mangled by a cane toad (18 damage)
             ... while paralysed by a hornet
             ... on level 2 of the Lair of Beasts.
             The game lasted 00:33:11 (18958 turns).

Sobieck the Scorcher (MDFE)                        Turns: 18958, Time: 00:33:12

Health: -10/104    AC:  6    Str: 21    XL:     12   Next: 85%
Magic:  1/26       EV:  2    Int: 24    God:    Vehumet [***...]
Gold:   489        SH:  0    Dex: 13    Spells: 13/31 levels left

rFire   . . .        x - +5 dagger (elec)
rCold   . . .        (no shield)
rNeg    + . .        A - +0 robe of Resilience {rN+ Str+5 Archmagi}
rPois   +            D - +2 hat
rElec   .            (no cloak)
rCorr   .            (no gloves)
SInv    .            E - +1 pair of boots
Will    +....        v - amulet of the acrobat
Stlth   ++           a - ring "Acuowaosos" {EV+5 Str+5 Int+3 Dex+3}
HPRegen 0.37/turn    o - ring of poison resistance
MPRegen 0.20/turn

%: acrobat, archmagi
@: paralysed, lethally poisoned (-10 -> -15), slowed
A: runic magic, artefact enchanting
a: Renounce Religion


You were on level 2 of the Lair of Beasts.
You worshipped Vehumet.
Vehumet was most pleased with you.
You visited 4 branches of the dungeon, and saw 14 of its levels.

You collected 832 gold pieces.
You spent 343 gold pieces at shops.

Inventory:

Hand Weapons
 c - a +0 dagger
 e - a +0 whip
 g - a +0 dagger
 x - a +5 dagger of electrocution (weapon)
Missiles
 j - 132 stones
 k - 28 poisoned darts
 t - 4 boomerangs
 J - 2 atropa-tipped darts
 Z - 3 throwing nets
Armour
 z - a +0 buckler
 A - the +0 robe of Resilience (worn) {rN+ Str+5 Archmagi}
   (You bought it in a shop on level 2 of the Dungeon)

   Str+5:     It affects your strength (+5).
   rN+:       It protects you from negative energy.
   Archmagi:  It increases the power of your magical spells.
 B - a +0 buckler
 D - a +2 hat (worn)
 E - a +1 pair of boots (worn)
 M - a +0 buckler
Magical Staves
 b - a staff of death
Jewellery
 a - the ring "Acuowaosos" (left hand) {EV+5 Str+5 Int+3 Dex+3}
   (You found it on level 6 of the Dungeon)

   [ring of evasion]

   EV+5:      It affects your evasion (+5).
   Str+5:     It affects your strength (+5).
   Int+3:     It affects your intelligence (+3).
   Dex+3:     It affects your dexterity (+3).
 f - a ring of protection from fire
 i - a ring of ice
 o - a ring of poison resistance (right hand)
 v - an amulet of the acrobat (around neck)
Wands
 G - a wand of polymorph (11)
 N - a wand of roots (6)
 P - a wand of paralysis (11)
 V - a wand of flame (31)
Scrolls
 d - 2 scrolls of vulnerability
 n - 2 scrolls of fog
 p - 2 scrolls of butterflies
 y - 4 scrolls of immolation
 F - 3 scrolls of poison
Potions
 h - 2 potions of might
 l - a potion of invisibility {unknown}
 q - 3 potions of berserk rage
 r - 4 potions of heal wounds
 u - 2 potions of degeneration
 w - a potion of ambrosia
 C - a potion of cancellation
 O - 2 potions of mutation
 Q - 5 potions of curing
Miscellaneous
 U - a phial of floods


   Skills:
 + Level 9.0 Fighting
 - Level 2.6 Armour
 - Level 4.0 Dodging
 - Level 1.4 Stealth
 - Level 10.0 Spellcasting
 - Level 6.0 Conjurations
 - Level 16.0 Fire Magic
 + Level 2.3 Air Magic
 - Level 5.0 Evocations


You had 13 spell levels left.
You knew the following spells:

 Your Spells              Type           Power      Damage    Failure   Level
a - Foxfire               Conj/Fire      100%       2x1d9     1%          1
b - Scorch                Fire           100%       2d9       0%          2
c - Flame Wave            Conj/Fire      77%        2d17      1%          4
d - Fireball              Conj/Fire      38%        3d16      1%          5
e - Plasma Beam           Fire/Air       35%        2x1d49    5%          6

Your spell library contained the following spells:

 Spells                   Type           Power      Damage    Failure   Level
 Hailstorm                Conj/Ice       39%        3d9       1%          3
 Inner Flame              Hex/Fire       66%        N/A       1%          3
 Stone Arrow              Conj/Erth      78%        3d11      1%          3
 Volatile Blastmotes      Fire/Tloc      100%       2d18      1%          3
 Sticky Flame             Fire/Alch      66%        2d11      1%          4
 Summon Blazeheart Golem  Fire/Summ      66%        N/A       1%          4
 Starburst                Conj/Fire      38%        6d11      2%          6
 Iskenderun's Mystic Bla  Conj/Tloc      39%        2d9       4%          4
 Summon Small Mammal      Summ           72%        N/A       5%          1
 Cigotuvi's Dreadful Rot  Necr/Alch/Air  46%        N/A       6%          2
 Swiftness                Air            35%        N/A       6%          3
 Arcjolt                  Conj/Air       24%        1d34      7%          5
 Call Imp                 Summ           36%        N/A       8%          2
 Ensorcelled Hibernation  Hex/Ice        36%        N/A       8%          2
 Sublimation of Blood     Necr           18%        N/A       8%          2
 Call Canine Familiar     Summ           18%        N/A       16%         3
 Ozocubu's Armour         Ice            18%        N/A       16%         3
 Passwall                 Erth           18%        N/A       16%         3
 Sigil of Binding         Hex            18%        N/A       16%         3
 Tukima's Dance           Hex            18%        N/A       16%         3
 Vhi's Electric Charge    Tloc/Air       52%        N/A       32%         4
 Dimensional Bullseye     Hex/Tloc       9%         N/A       45%         4
 Dispel Undead            Necr           18%        3d11      45%         4
 Martyr's Knell           Necr/Summ      18%        N/A       45%         4
 Metabolic Englaciation   Hex/Ice        9%         N/A       82%         5
 Death Channel            Necr           9%         N/A       100%        6
 Sculpt Simulacrum        Ice/Alch       9%         N/A       100%        6
 Summon Hydra             Summ           9%         N/A       100%        7
 Maxwell's Capacitive Co  Air            17%        ∞         100%        8


Dungeon Overview and Level Annotations

Branches:
Dungeon (10/15)            Temple (1/1) D:7            Lair (2/5) D:9
  Snake (0/4) Lair:2          Orc (1/2) D:10
  Swamp: Lair:2-3    Shoals: Lair:2-3

Altars:
Ashenzari
Cheibriados
Dithmenos
Elyvilon
Fedhas
Gozag
Hepliaklqana
Kikubaaqudgha
Makhleb
Nemelex Xobeh
Okawaru
Qazlal
Ru
Sif Muna
Trog
Uskayaw
Vehumet
Wu Jian
Xom
Yredelemnul
Zin
The Shining One

Shops:
D:2 *   D:8 *[   D:10 :

Annotations:
D:3 2 runed translucent doors, kaiyo's ghost, weakling KoBr
D:4 Edmund
D:5 shatter vault


Innate Abilities, Weirdness & Mutations

Your spellcasting is much less encumbered by armour.
You can use scrolls of enchantment on lesser artefacts.


Message History

Unknown command.
Unknown command.
Unknown command.
Unknown command.
Unknown command.
Unknown command.
Unknown command.
The air fills with toxic fumes!
As you read the scroll of poison, it crumbles to dust.
The hornet stings you.
You are poisoned.
You feel yourself slow down.
The spriggan druid is engulfed in a forest fire.
Unknown command.
Unknown command.
Casting: Fireball (mildly dangerous; 1% risk of failure)
Confirm with . or Enter, or press ? or * to list all spells.
Okay, then.
Unknown command.
Casting: Fireball (mildly dangerous; 1% risk of failure)
Confirm with . or Enter, or press ? or * to list all spells.
You feel a surge of power!
The bolt of lightning misses the hornet.
The fiery plasma misses the hornet.
You feel very sick. The hornet stings you!!
* * * LOW HITPOINT WARNING * * *
You feel as though you will be slow longer.
The hornet is engulfed in poison gas.
The hornet is poisoned.
The cane toad is engulfed in blazing flames.
The spriggan druid is engulfed in blazing flames.
The hornet stings you.
* * * LOW HITPOINT WARNING * * *
The hornet is engulfed in poison gas.
The hornet looks even sicker.
The hornet stings you!
* * * LOW HITPOINT WARNING * * *
You feel as though you will be slow longer.
The hornet is engulfed in poison gas.
The hornet looks even sicker.
Casting: Plasma Beam (dangerous; 5% risk of failure)
Confirm with . or Enter, or press ? or * to list all spells.
You feel a surge of power!
The bolt of lightning misses the hornet.
The fiery plasma misses the hornet.
You feel very sick. The cane toad stings you!!
* * * LOW HITPOINT WARNING * * *
The hornet looks as sick as possible!
The hornet stings you!
* * * LOW HITPOINT WARNING * * *
You suddenly lose the ability to move!
The cane toad stings you!!
You die...

#.P..>#.####.'.........
#......#.##..§§§§§§....
#........#....P§.§§.....
#..♣♣♣♣♣♣♣♣♣♣♣♣§§§§.....
.+. ♣§§§...... .#
♣#§§.##.#. ♣§§### ##
♣#y# F♣ ♣ #@##
....♣.♣#yF# .......§§##
......§§§# .....§§§##
♣♣♣♣♣§§# #§§§# #####


You could see a cane toad (strong) and 2 hornets.

Vanquished Creatures
  A two-headed ogre (D:10)
  Amaemon (Lair:2)
  A skyshark (Lair:2)
  A spriggan druid (Lair:2)
  3 oklob plants (Lair:1)
  2 kobold blastminers (Orc:1)
  3 black mambas (Lair:2)
  13 elephants
  A gargoyle (D:10)
  An orange demon (Lair:2)
  2 cane toads
  3 komodo dragons
  A polar bear (Lair:2)
  A troll (D:10)
  3 blink frogs (Lair:1)
  4 dream sheep (Lair:1)
  2 wraiths (D:9)
  A wyvern (Lair:1)
  33 yaks
  Eustachio (D:6)
  2 basilisks
  Grum (D:10)
  3 steam dragons
  14 water moccasins
  2 sky beasts (D:7)
  6 orc warriors
  4 ice beasts
  2 black bears
  2 ogres (D:7)
  2 wolves (D:10)
  4 centaurs
  2 phantoms
  A kobold brigand (D:7)
  7 bullfrogs
  2 gnoll sergeants
  2 scorpions (D:5)
  10 wights
  3 howler monkeys
  2 hounds
  A jelly (D:5)
  3 bombardier beetles (D:5)
  4 orc priests
  A gnoll bouda (D:7)
  A sleepcap (D:8)
  An iguana (D:3)
  Jessica (D:3)
  Terence (D:2)
  7 orc wizards
  12 gnolls
  8 adders
  A river rat (D:4)
  2 shadow imps
  A white imp (D:6)
  2 dart slugs
  3 ribbon worms
  29 orcs
  4 ball pythons
  10 bats
  5 endoplasms
  4 giant cockroaches
  8 goblins
  6 hobgoblins
  3 jackals (D:3)
  12 kobolds
  3 quokkas
  4 frilled lizards (D:1)
  8 rats
294 creatures vanquished.

Vanquished Creatures (collateral kills)
  4 foxfires
4 creatures vanquished.

Vanquished Creatures (others)
  1255 foxfires
1255 creatures vanquished.

Grand Total: 1553 creatures vanquished

Notes
Turn   | Place    | Note
-------+----------+-------------------------------------------
     0 | D:1      | Sobieck the Mountain Dwarf Fire Elementalist began the
                  | quest for the Orb.
     0 | D:1      | Reached XP level 1. HP: 14/14 MP: 3/3
    50 | D:2      | Reached skill level 1 in Conjurations
   245 | D:1      | Found a faded altar of an unknown god.
   251 | D:1      | Reached skill level 4 in Fire Magic
   257 | D:1      | Reached XP level 2. HP: 20/20 MP: 1/4
   262 | D:1      | Learned a level 2 spell: Scorch
  1286 | D:2      | Reached XP level 3. HP: 26/26 MP: 2/6
  1426 | D:2      | Noticed Terence
  1607 | D:2      | Found a stormy altar of Qazlal.
  1626 | D:2      | Killed Terence
  1844 | D:2      | Found Zineming's Assorted Antiques.
  1852 | D:2      | Bought a bubbling yellow potion for 14 gold pieces
  1852 | D:2      | Bought a scroll labelled TETEFE BEUR for 16 gold pieces
  1852 | D:2      | Bought a scroll labelled ROET ULUYM for 16 gold pieces
  2081 | D:3      | Reached XP level 4. HP: 33/33 MP: 4/7
  2147 | D:3      | Reached skill level 5 in Fire Magic
  2331 | D:2      | Bought a glowing inky potion for 14 gold pieces
  2627 | D:3      | Found a sparkling altar of Nemelex Xobeh.
  2752 | D:2      | Bought a transparent robe for 91 gold pieces
  2752 | D:2      | Identified the +0 robe of Resilience {rN+ Str+5 Archmagi}
                  | (You bought it in a shop on level 2 of the Dungeon)
  3061 | D:3      | Found a large runed translucent door.
  3061 | D:3      | Found a large runed translucent door.
  3064 | D:3      | Noticed kaiyo's ghost (weakling KoBr)
  3205 | D:3      | Noticed Jessica
  3219 | D:3      | Killed Jessica
  3379 | D:3      | Reached XP level 5. HP: 38/38 MP: 0/9
  3798 | D:4      | Noticed Edmund
  3953 | D:4      | Reached skill level 6 in Fire Magic
  3958 | D:4      | You fall into a shaft and drop 3 floors!
  4004 | D:7      | Reached skill level 3 in Spellcasting
  4008 | D:7      | Noticed an ogre
  4012 | D:7      | Killed an ogre
  4013 | D:7      | Reached skill level 3 in Conjurations
  4013 | D:7      | Reached XP level 6. HP: 7/45 MP: 1/10
  4064 | D:7      | Noticed a sky beast
  4074 | D:7      | Killed a sky beast
  4075 | D:7      | Reached skill level 7 in Fire Magic
  4168 | D:7      | Noticed an ice beast
  4172 | D:7      | Killed an ice beast
  4173 | D:7      | Reached XP level 7. HP: 50/50 MP: 4/11
  4373 | D:7      | Found a snail-covered altar of Cheibriados.
  4438 | D:6      | Reached skill level 8 in Fire Magic
  4992 | D:6      | Found a burning altar of Makhleb.
  5096 | D:6      | Identified the ring "Acuowaosos" {EV+5 Str+5 Int+3 Dex+3}
  5106 | D:5      | Entered Level 5 of the Dungeon
  6250 | D:5      | Reached XP level 8. HP: 56/57 MP: 7/12
  6255 | D:5      | Learned a level 4 spell: Flame Wave
  6272 | D:5      | Reached skill level 6 in Conjurations
  6496 | D:5      | Reached skill level 1 in Fighting
  6496 | D:5      | Reached skill level 1 in Armour
  6496 | D:5      | Reached skill level 1 in Evocations
  6583 | D:5      | Noticed Eustachio
  7553 | D:6      | Killed Eustachio
  8278 | D:7      | Reached skill level 3 in Fighting
  8278 | D:7      | Reached XP level 9. HP: 69/69 MP: 7/14
  8451 | D:7      | Reached skill level 3 in Evocations
  8671 | D:7      | Reached skill level 9 in Fire Magic
  8680 | D:7      | Reached skill level 3 in Dodging
  8823 | D:7      | Found a staircase to the Ecumenical Temple.
  8829 | Temple   | Entered the Ecumenical Temple
  9226 | D:7      | Found a radiant altar of Vehumet.
  9230 | D:7      | Became a worshipper of Vehumet
  9239 | D:7      | Found a white marble altar of Elyvilon.
  9962 | D:8      | Found Cufa's Assorted Antiques.
  9971 | D:8      | Bought a shiny ruby ring for 160 gold pieces
  9971 | D:8      | Bought a scroll labelled UGRACU TAELL for 32 gold pieces
  9995 | D:7      | Identified a scroll of acquirement
  9995 | D:7      | Acquired Sobieck's Reference Book on Energy and
                  | Degeneration
 10130 | D:8      | Learned a level 5 spell: Fireball
 10154 | D:8      | Found Refont's Armour Shop.
 10790 | D:8      | Found a stormy altar of Qazlal.
 10793 | D:8      | Found a hazy altar of Hepliaklqana.
 10798 | D:8      | Found an opulent altar of Gozag.
 11050 | D:8      | Found a shimmering altar of Xom.
 11463 | D:9      | Reached XP level 10. HP: 81/81 MP: 10/17
 11739 | D:9      | Reached skill level 10 in Fire Magic
 12229 | D:9      | Found a staircase to the Lair.
 12488 | D:10     | Entered Level 10 of the Dungeon
 12515 | D:10     | Reached skill level 6 in Fighting
 12519 | D:10     | Reached * piety under Vehumet
 12519 | D:10     | Offered knowledge of Sting by Vehumet.
 12525 | D:10     | Reached skill level 6 in Spellcasting
 12525 | D:10     | Noticed a gargoyle
 13107 | D:10     | Found Puico's Book Shoppe.
 13243 | D:10     | Noticed Grum
 13248 | D:10     | Offered knowledge of Momentum Strike by Vehumet.
 13252 | D:10     | Killed Grum
 13252 | D:10     | Reached ** piety under Vehumet
 13429 | D:10     | Noticed a two-headed ogre
 13440 | D:10     | Killed a two-headed ogre
 13701 | D:10     | Reached XP level 11. HP: 94/94 MP: 12/22
 13850 | D:10     | Reached skill level 11 in Fire Magic
 14296 | D:10     | Found a staircase to the Orcish Mines.
 14305 | Orc:1    | Entered Level 1 of the Orcish Mines
 14692 | Orc:1    | Noticed an orc knight
 14846 | Lair:1   | Entered Level 1 of the Lair of Beasts
 15191 | Lair:1   | Reached skill level 12 in Fire Magic
 15702 | Lair:1   | Reached skill level 9 in Spellcasting
 15848 | Lair:1   | Reached skill level 13 in Fire Magic
 16479 | Lair:1   | Noticed an oklob plant
 16479 | Lair:1   | Noticed an oklob plant
 16483 | Lair:1   | Noticed an oklob plant
 16616 | Lair:1   | Killed an oklob plant
 16616 | Lair:1   | Killed an oklob plant
 16617 | Lair:1   | Reached XP level 12. HP: 65/101 MP: 12/25
 17008 | Lair:2   | Reached skill level 14 in Fire Magic
 17043 | Lair:1   | Offered knowledge of Hailstorm by Vehumet.
 17297 | Lair:2   | Noticed Amaemon
 17310 | Lair:2   | Killed Amaemon
 17580 | Lair:2   | Reached skill level 15 in Fire Magic
 17663 | Lair:2   | Found a staircase to the Snake Pit.
 17933 | Lair:2   | Reached *** piety under Vehumet
 18027 | Lair:2   | Reached skill level 16 in Fire Magic
 18167 | Lair:2   | Learned a level 6 spell: Plasma Beam
 18613 | Lair:2   | Reached skill level 1 in Air Magic
 18953 | Lair:2   | Reached skill level 9 in Fighting
 18958 | Lair:2   | Paralysed by a hornet for 3 turns
 18958 | Lair:2   | Mangled by a cane toad

Illustrated notes

Levels and vault maps discovered:
D:1:      amcnicky_arrival_choice, layout_rooms, ebering_ecumenical_altar_mist,
          chequers_garden, kennysheep_boxes
D:2:      layout_basic, basic_altar, serial_shops,
          nicolae_shop_temple_entry_statues_fountains, uniq_terence
D:3:      minmay_octagon_keep, layout_loops_corners, amcnicky_altar_gilded,
          ebering_ghost_disaster_area, uniq_jessica
D:4:      layout_basic, portal_sewer_entry_c, serial_corexii_hall,
          corexii_hall_statues_i, corexii_hall_statues_l, minivault_25,
          nicolae_half_adder, uniq_edmund
D:5:      layout_basic, due_unseen_surprise, uniq_eustachio
D:6:      layout_basic, nicolae_overflow_crystal_walls
D:7:      layout_loops_corners, cheibriados_altar_1,
          amethyst_overflow_temple_binary, temple_statues, enter_bailey_2
D:8:      layout_basic, regret_index_xom_buried_treasure,
          grunt_temple_overflow_diamond, serial_shops, shop, shop
D:9:      layout_grid_maze, lair_entry_dummy, kennysheep_generic_room_10
D:10:     layout_basic, hiddenorc1_lemuel, serial_shops,
          nicolae_shop_pleasant_corner_grove, uniq_grum
Temple:   nicolae_temple_ecumenical_triangle
Lair:1:   dpeg_oklob_gauntlet, layout_long_grid, chequers_serial_rivers_micro_d,
          nicolae_lair_grazing_beasts [nicolae_sub_lair_graze_edge,
          nicolae_sub_lair_graze_edge, nicolae_sub_lair_graze_edge,
          nicolae_sub_lair_graze_edge]
Lair:2:   layout_roguey, mainiacjoe_swamp_entry_angry_trees,
          minmay_snake_entry_six_corridors, uniq_amaemon
Orc:1:    layout_diamond_mine, nicolae_orc_stony_grotto, mines2_lemuel

Skill      XL: |  1  2  3  4  5  6  7  8  9 10 11 12 |
---------------+-------------------------------------+-----
Conjurations   | 1 2 3 5 6 |  6.0
Fire Magic     | 4 5 6 7 8 9 10 13 16 | 16.0
Spellcasting   | 2 3 5 7 9 10 | 10.0
Fighting       | 3 5 7 9 |  9.0
Armour         | 2 |  2.6
Evocations     | 2 5 |  5.0
Dodging        | 2 3 4 |  4.0
Air Magic      | 2 |  2.3
Stealth        | |  1.4

Action                     |  1- 3 |  4- 6 |  7- 9 | 10-12 || total
---------------------------+-------+-------+-------+-------++-------
  Melee: Unarmed           |     6 |       |       |       ||     6
         Dagger            |     4 |    13 |    21 |    61 ||    99
  Throw: Throwing net      |     1 |       |       |       ||     1
   Cast: Foxfire           |    72 |    68 |   295 |   292 ||   727
         Scorch            |     1 |    15 |    49 |    96 ||   161
         Flame Wave        |       |       |       |    31 ||    31
         Fireball          |       |       |       |    18 ||    18
         Plasma Beam       |       |       |       |    10 ||    10
  Evoke: Wand              |       |       |       |     6 ||     6
    Use: Scroll            |       |     2 |    19 |     9 ||    30
         Potion            |       |     2 |     3 |     1 ||     6
   Stab: Sleeping          |       |     1 |       |       ||     1
         Paralysed         |       |       |       |    17 ||    17
 Armour: Robe              |    18 |    26 |    52 |   139 ||   235
  Dodge: Dodged            |    15 |    30 |    52 |   274 ||   371

Table legend: (Time is in decaauts)
 A = Elapsed time spent in this place.
 B = Non-inter-level travel time spent in this place.
 C = Inter-level travel time spent in this place.
 D = Time resting spent in this place.
 E = Time spent auto-exploring this place.
 F = Levels seen in this place.
 G = Mean time per level.
                   A        B        C        D        E       F      G
               +--------+--------+--------+--------+--------+-----+--------+
         Total |  18945 |  18029 |    916 |   3016 |  12209 |  14 | 1353.2 |
       Dungeon |  14639 |  13750 |    889 |   1671 |  10262 |  10 | 1463.9 |
        Temple |      1 |      1 |      0 |      0 |      0 |   1 |    1.0 |
          Lair |   4098 |   4072 |     26 |   1275 |   1947 |   2 | 2049.0 |
  Orcish Mines |    206 |    206 |      0 |     69 |      0 |   1 |  206.0 |
               +--------+--------+--------+--------+--------+-----+--------+

Top non-repeatable levels by time:
  Lair:1: 2541 daAuts
     D:7: 2058 daAuts
    D:10: 2012 daAuts
     D:3: 1627 daAuts
     D:8: 1605 daAuts
  Lair:2: 1556 daAuts
     D:6: 1517 daAuts
     D:4: 1403 daAuts
     D:9: 1288 daAuts
     D:2: 1119 daAuts
     D:1: 1044 daAuts
     D:5: 963 daAuts
   Orc:1: 206 daAuts
  Temple: 1 daAuts
